 Dungeon Crawl Stone Soup version 0.22-a0-346-ga714374 (webtiles) character file.

77 JeffiDaFish the Digger (level 4, -3/24 HPs)
             Began as a Gargoyle Earth Elementalist on Apr 6, 2018.
             Killed from afar by an orc wizard (6 damage)
             ... with a magic dart
             ... on level 3 of the Dungeon.
             The game lasted 00:05:10 (2036 turns).

JeffiDaFish the Digger (GrEE)                       Turns: 2036, Time: 00:05:11

Health: -3/24      AC:  7    Str: 10 (12) XL:     4   Next: 34%
Magic:  0/8        EV: 12    Int: 15 (16) God:
Gold:   141        SH:  0    Dex:  8 (10) Spells: 5/9 levels left

rFire    + . .     SeeInvis .   f - -3 short sword (curse)
rCold    . . .     Gourm    .   (no shield)
rNeg     + . .     Faith    .   c - +1 robe
rPois    ∞         Spirit   .   (no helmet)
rElec    +         Reflect  .   (no cloak)
rCorr    .         Harm     .   g - +0 pair of gloves
MR       .....                  (no boots)
Stlth    ++........             (no amulet)
HPRegen  0.08/turn              e - ring of protection from fire
MPRegen  0.11/turn              (no ring)

@: no status effects
A: negative energy resistance 1, electricity resistance, unbreathing,
petrification resistance, rot immunity, AC +3
a: no special abilities


You were on level 3 of the Dungeon.
You were not hungry.

You visited 1 branch of the dungeon, and saw 3 of its levels.

You collected 141 gold pieces.

Inventory:

Hand Weapons
 a - a +4 dagger of venom
 f - a cursed -3 short sword (weapon)
Missiles
 b - 4 stones (quivered)
Armour
 c - a +1 robe (worn)
 g - a +0 pair of gloves (worn)
Jewellery
 e - a ring of protection from fire (left hand)
Scrolls
 h - 2 scrolls of identify
Comestibles
 d - 3 rations


   Skills:
 - Level 1.5 Dodging
 - Level 2.1 Stealth
 + Level 3.2 Spellcasting
   Level 0.7 Transmutations
 + Level 5.0 Earth Magic


You had 5 spell levels left.
You knew the following spells:

 Your Spells              Type           Power        Failure   Level  Hunger
a - Sandblast             Erth           ###...       2%          1    #......
b - Stone Arrow           Conj/Erth      #.....       21%         3    ###....


Dungeon Overview and Level Annotations

Branches:
Dungeon (3/15)

Altars:
Fedhas
Qazlal


Innate Abilities, Weirdness & Mutations

You are resistant to torment.
Your stone body is resilient. (AC +3)
You are immune to poison.
You resist negative energy. (rN+)
You are resistant to electric shocks. (rElec)
You can survive without breathing.
You are immune to petrification.
You are immune to rotting.


Message History

Okay, then.
You aren't carrying any potions.
An orc wizard comes into view. It is wielding a dagger.
The orc wizard mumbles some strange words.
The orc wizard blinks!
The orc hits you from afar with a trident.
* * * LOW HITPOINT WARNING * * *
The orc wizard casts a spell.
The orc wizard blinks!
Casting: Sandblast (safe; 2% risk of failure)
Confirm with . or Enter, or press ? or * to list all spells.
Aiming: Stone Arrow (safe; 21% risk of failure)
Press: ? - help, Shift-Dir - straight line, f - orc wizard
Aim: an orc wizard, wielding a dagger and wearing a robe (hasn't noticed you)
The stone arrow hits the orc wizard.
The orc wizard is severely wounded.
The orc wizard shouts!
The orc wizard casts a spell at you. The magic dart hits you!
You die...

....###+###.#...##........
.........o..o....).......
#......###.######.##..
#...######......#..'..
#...# ......†.....#..
#..o# ..8...8...8.###
#...# ....#...#......
###..o###o#.###.###.#...
#......@.....#... ......
#..........8...8 ..8....
#............#.. #......
#........##.###. ##.....
#........# .# ...#..
#........# .. .8 #..
#........# . . #..
+........+ #.. #..


You could see an orc wizard and an orc.

Vanquished Creatures
  An orc wizard (D:3)
  An ooze (D:2)
  A worm (D:2)
  3 dart slugs (D:1)
  6 bats
  2 giant cockroaches
  5 goblins
  4 hobgoblins (D:1)
  2 jackals (D:2)
  3 kobolds
  A quokka (D:2)
  2 frilled lizards (D:1)
  2 rats
33 creatures vanquished.

Notes
Turn   | Place    | Note
-------+----------+-------------------------------------------
     0 | D:1      | JeffiDaFish the Gargoyle Earth Elementalist began the quest for the Orb.
     0 | D:1      | Reached XP level 1. HP: 10/10 MP: 3/3
   256 | D:1      | Reached XP level 2. HP: 15/15 MP: 0/5
   278 | D:1      | Reached skill level 4 in Earth Magic
   792 | D:1      | Reached XP level 3. HP: 17/19 MP: 6/6
  1717 | D:2      | Found a stormy altar of Qazlal.
  1717 | D:2      | Found a blossoming altar of Fedhas.
  1968 | D:3      | Learned a level 3 spell: Stone Arrow
  2018 | D:3      | Reached skill level 5 in Earth Magic
  2018 | D:3      | Reached XP level 4. HP: 5/24 MP: 2/8
  2036 | D:3      | Killed from afar by an orc wizard

Vault maps used:
D:1:      erik_arrival_triangle_small, nrook_mini_vaults, minmay_cupped
D:2:      grunt_temple_overflow_forces_of_nature
D:3:      lemuel_doored_altar, eat_drink_and_be_merry_uskayaw,
          minmay_misc_feat_four_crosses

Skill      XL: |  1  2  3 |
---------------+----------+-----
Earth Magic    | 4 5 |  5.0
Spellcasting   | 3 |  3.2
Dodging        | |  1.5
Stealth        | |  2.1
Transmutations | |  0.7

Action                   |  1- 3 |  4- 6 || total
-------------------------+-------+-------++-------
Melee: Short sword       |    66 |       ||    66
 Cast: Sandblast         |    40 |     2 ||    42
       Stone Arrow       |       |     1 ||     1
  Use: Potion            |     6 |       ||     6
       Scroll            |     4 |       ||     4
  Eat: Chunk             |     4 |       ||     4
Armor: Robe              |    35 |     1 ||    36
Dodge: Dodged            |    53 |       ||    53

Table legend:
 A = Spawn XP
 B = Non-spawn XP
 C = Spawn XP percentage of total XP
 D = Spawn monster count
 E = Non-spawn monster count
 F = Spawn count percentage of total count
 G = Total turns spent on level
                    A         B        C        D         E        F      G
               +---------+---------+-------+---------+---------+-------+---------
         Total |       0 |     111 |   0.0 |       0 |      33 |   0.0 |  2036
               +---------+---------+-------+---------+---------+-------+---------
           D:1 |       0 |      39 |   0.0 |       0 |      19 |   0.0 |  1261
           D:2 |       0 |      27 |   0.0 |       0 |      10 |   0.0 |   692
           D:3 |       0 |      45 |   0.0 |       0 |       4 |   0.0 |    83
               +---------+---------+-------+---------+---------+-------+---------
